 Dungeon Crawl Stone Soup version 0.32-a0-765-gfba4d74c8c (webtiles) character file.

Game seed: 10608405294358316163

233 Nattfarinn the Digger (level 5, -4/28 HPs)
             Began as a Deep Elf Earth Elementalist on Mar 18, 2024.
             Killed by an exploding orc (27 damage)
             ... ignited by their inner flame
             ... on level 2 of the Dungeon.
             The game lasted 00:01:44 (1375 turns).

Nattfarinn the Digger (Deep Elf Earth Elementalist) Turns: 1375, Time: 00:01:44

Health: -4/28      AC:  2    Str:  5    XL:     5   Next: 74%
Magic:  8/14       EV:  5    Int: 22    God:
Gold:   107        SH:  0    Dex: 15    Spells: 13/14 levels left

rFire   . . .        (no weapon)
rCold   . . .        (no shield)
rNeg    . . .        a - +0 robe
rPois   .            (no helmet)
rElec   .            (no cloak)
rCorr   .            (no gloves)
SInv    .            (no boots)
Will    .....        (no amulet)
Stlth   ++           (no ring)
HPRegen 0.24/turn    (no ring)
MPRegen 0.14/turn

%: no passive effects
@: lethally poisoned (-4 -> -14), about to teleport, held
A: no striking features
a: no special abilities


You were on level 2 of the Dungeon.
You visited 1 branch of the dungeon, and saw 2 of its levels.

You collected 107 gold pieces.

Inventory:

Armour
 a - a +0 robe (worn)
Jewellery
 j - an amulet of magic regeneration
Scrolls
 c - a scroll of immolation
 d - a scroll of teleportation
 f - 2 scrolls of blinking {unknown}
 g - a scroll of identify {unknown}
 i - a scroll of revelation {unknown}
Potions
 b - a potion of magic
 e - a potion of degeneration {unknown}
 h - 2 potions of might {unknown}


   Skills:
 - Level 2.4 Dodging
 - Level 2.4 Stealth
 + Level 5.3 Spellcasting
 - Level 1.1 Conjurations
 * Level 6.1 Earth Magic


You had 13 spell levels left.
You knew the following spells:

 Your Spells              Type           Power      Damage    Failure   Level
a - Sandblast             Erth           64%        2d14      1%          1

Your spell library contained the following spells:

 Spells                   Type           Power      Damage    Failure   Level
 Passwall                 Erth           32%        N/A       2%          3
 Stone Arrow              Conj/Erth      42%        3d9       7%          3
 Slow                     Hex            20%        N/A       10%         1
 Brom's Barrelling Bould  Conj/Erth      21%        2d4       22%         4
 Petrify                  Alch/Erth      19%        N/A       28%         4
 Confusing Touch          Hex            5%         N/A       30%         3
 Vampiric Draining        Necr           5%         2d6       30%         3


Dungeon Overview and Level Annotations

Branches:
Dungeon (2/15)

Altars:
Kikubaaqudgha

Annotations:
D:2 Robin


Message History

A hobgoblin comes into view.
A goblin comes into view. It is wielding a +0 dagger.
A goblin comes into view. It is wielding a +0 club.
Robin throws the goblin at you!
The goblin shouts!
The goblin barely misses you.
The goblin moves out of view.
Unknown command.
Unknown command.
As you read the scroll labelled JILUNEG OXUKHLATHO, it crumbles to dust.
The creatures around you are filled with an inner flame!
It was a scroll of immolation.
The orc hits you but does no damage.
Unknown command.
Casting: Sandblast (safe; 1% risk of failure)
Confirm with . or Enter, or press ? or * to list all spells.
Aiming: Sandblast (safe; 1% risk of failure)
Press: ? - help, Shift-Dir - straight line, f - hobgoblin, p - orc
Aim: a hobgoblin (inner flame, strong, 84% to hit)
Okay, then.
As you read the scroll labelled SURGHYTZOUL, it crumbles to dust.
You feel strangely unstable.
It was a scroll of teleportation.
The orc barely misses you.
The goblin hits you with a +0 dagger of venom.
You are poisoned.
Unknown command.
Casting: Sandblast (safe; 1% risk of failure)
Confirm with . or Enter, or press ? or * to list all spells.
Aiming: Sandblast (safe; 1% risk of failure)
Press: ? - help, Shift-Dir - straight line, f - goblin, p - orc
Aim: a goblin, wielding a +0 dagger (inner flame, strong, 80% to hit)
The blast of sand hits the hobgoblin!
The hobgoblin explodes!
The fiery explosion engulfs the goblin!!
The fiery explosion engulfs the hobgoblin!!!
The hobgoblin explodes!
The fiery explosion engulfs the orc!!!
The orc explodes!
The fiery explosion engulfs the hobgoblin!!!
The fiery explosion engulfs you!!
Ouch! That really hurt!
You die...

#.......#
......
#.).....#
......####
#.......#
..g.....#
#.......#
.g.....#
##...####
#§§§§.#
#).†.#
#§§§§.#
#..###
#§.§§§####..#
#..§@g##...##
#.....##...#
#.........##
#.###..##.#
#. #.###.# .
##...#.# .
#..#.#.# ##
#..#.#.# # #.
#..#...#


You could see Robin (inner flame) and 2 goblins.

Vanquished Creatures
  Sigmund (D:2)
  Natasha (D:2)
  2 ribbon worms (D:2)
  2 dart slugs (D:2)
  An orc (D:2)
  4 ball pythons (D:1)
  3 bats
  4 endoplasms
  2 giant cockroaches
  6 goblins (D:2)
  7 hobgoblins
  5 kobolds
  2 quokkas (D:2)
  A frilled lizard (D:1)
  3 rats
44 creatures vanquished.

Notes
Turn   | Place    | Note
-------+----------+-------------------------------------------
     0 | D:1      | Nattfarinn the Deep Elf Earth Elementalist began the quest
                  | for the Orb.
     0 | D:1      | Reached XP level 1. HP: 10/10 MP: 6/6
   263 | D:1      | Reached XP level 2. HP: 15/15 MP: 5/8
   369 | D:1      | Found a faded altar of an unknown god.
   798 | D:1      | Reached skill level 4 in Earth Magic
   988 | D:2      | Reached XP level 3. HP: 16/19 MP: 0/10
  1158 | D:2      | Found an ancient bone altar of Kikubaaqudgha.
  1195 | D:2      | Noticed Natasha
  1201 | D:2      | Killed Natasha
  1282 | D:2      | Noticed Sigmund
  1306 | D:2      | Killed Sigmund
  1307 | D:2      | Reached skill level 5 in Spellcasting
  1307 | D:2      | Reached skill level 6 in Earth Magic
  1307 | D:2      | Reached XP level 4. HP: 24/24 MP: 8/13
  1307 | D:2      | Reached XP level 5. HP: 28/28 MP: 8/14
  1371 | D:2      | Noticed Robin
  1375 | D:2      | Killed by an exploding orc... ignited by their inner flame

Illustrated notes

Levels and vault maps discovered:
D:1:      dpeg_arrival_pits, layout_basic, basic_ecumenical_altar
D:2:      layout_rooms, basic_altar, uniq_sigmund, uniq_natasha, uniq_robin

Skill      XL: |  1  2  3 |
---------------+----------+-----
Earth Magic    | 4 6 |  6.1
Spellcasting   | 5 |  5.3
Dodging        | |  2.4
Stealth        | |  2.4
Conjurations   | |  1.1

Action                     |  1- 3 |  4- 6 || total
---------------------------+-------+-------++-------
   Cast: Sandblast         |    44 |     8 ||    52
    Use: Scroll            |       |     2 ||     2
 Armour: Robe              |     5 |     4 ||     9
  Dodge: Dodged            |     5 |     2 ||     7

Table legend: (Time is in decaauts)
 A = Elapsed time spent in this place.
 B = Non-inter-level travel time spent in this place.
 C = Inter-level travel time spent in this place.
 D = Time resting spent in this place.
 E = Time spent auto-exploring this place.
 F = Levels seen in this place.
 G = Mean time per level.
                   A        B        C        D        E       F      G
               +--------+--------+--------+--------+--------+-----+--------+
         Total |   1400 |   1378 |     22 |      0 |   1195 |   2 |  700.0 |
       Dungeon |   1400 |   1378 |     22 |      0 |   1195 |   2 |  700.0 |
               +--------+--------+--------+--------+--------+-----+--------+

Top non-repeatable levels by time:
     D:1: 979 daAuts
     D:2: 420 daAuts
